 Dungeon Crawl Stone Soup version 0.30-a0-578-gdee14c521f (webtiles) character file.

Game seed: 12304360377751305079

156 wormed the Shooter (level 5, -1/31 HPs)
             Began as a Tengu Hunter on Jan 1, 2023.
             Slain by an orc priest
             ... wielding a +0 short sword
              (4 damage)
             ... on level 3 of the Dungeon.
             The game lasted 00:03:20 (1430 turns).

wormed the Shooter (Tengu Hunter)                   Turns: 1430, Time: 00:03:20

Health: -1/31      AC:  3    Str: 11    XL:     5   Next: 38%
Magic:  6/6        EV: 15    Int: 10    God:
Gold:   198        SH:  0    Dex: 19    Spells: 4/4 levels left

rFire   . . .      SeeInvis .    a - +0 shortbow
rCold   . . .      Faith    .    (shield currently unavailable)
rNeg    . . .      Spirit   .    c - +0 leather armour
rPois   .          Reflect  .    (helmet restricted)
rElec   .          Harm     .    (no cloak)
rCorr   .          Rampage  .    (no gloves)
Will    .....                    (boots unavailable)
Stlth   ++                       (no amulet)
HPRegen 0.25/turn                (no ring)
MPRegen 0.10/turn                (no ring)

@: flying quickly and evasively, quick
A: beak, talons 3, nimble flight
a: no special abilities


You were on level 3 of the Dungeon.
You visited 1 branch of the dungeon, and saw 3 of its levels.

You collected 198 gold pieces.

Inventory:

Hand Weapons
 a - a +0 shortbow (weapon)
Armour
 c - a +0 leather armour (worn)
Jewellery
 h - an amulet of guardian spirit
 q - a +6 ring of intelligence
Wands
 j - a wand of flame (17)
 r - a wand of polymorph (9)
 t - a wand of paralysis (9)
Scrolls
 b - a scroll of immolation
 d - 4 scrolls of teleportation {unknown}
 g - 3 scrolls of enchant armour {unknown}
 i - a scroll of blinking {unknown}
 k - 2 scrolls of fog {unknown}
 l - a scroll of noise {unknown}
 n - a scroll of magic mapping {unknown}
 u - a scroll of poison {unknown}
 v - 2 scrolls of vulnerability {unknown}
Potions
 e - a potion of berserk rage {unknown}
 f - a potion of haste {unknown}
 m - a potion of ambrosia {unknown}
 o - a potion of heal wounds {unknown}
 p - a potion of degeneration {unknown}
 s - a potion of magic {unknown}
 w - a potion of might {unknown}


   Skills:
 + Level 2.7 Fighting
 * Level 5.5 Ranged Weapons
 + Level 1.9 Armour
 + Level 3.0 Dodging
 - Level 2.4 Stealth


You had 4 spell levels left.
You didn't know any spells.
Your spell library contained the following spells:

 Spells                   Type           Power      Damage    Failure   Level
 Apportation              Tloc           0%         N/A       45%         1
 Necrotise                Necr           0%         1d4       45%         1
 Summon Small Mammal      Summ           0%         N/A       45%         1


Dungeon Overview and Level Annotations

Branches:
Dungeon (3/15)

Altars:


Innate Abilities, Weirdness & Mutations

You have a beak for a mouth.
You have claws for feet.
Your magical nature lets you fly swiftly and evasively.


Message History

You shoot an arrow. The arrow closely misses the orc.
You shoot an arrow. The arrow barely misses the orc.
The arrow hits the orc priest!
The orc priest is heavily wounded.
You shoot an arrow. The arrow hits the orc!
You kill the orc!
You shoot an arrow. The arrow barely misses the orc priest.
The orc priest mumbles some strange prayers to Beogh against you.
Beogh smites you!
* * * LOW HITPOINT WARNING * * *
The orc priest barely misses you.
You are too injured to fight recklessly!
Fire: a) +0 shortbow
Press: ? - help, Q - select action, (/) - cycle Shift-Dir - straight line, f/p - orc priest
Aim: an orc priest, wielding a +0 short sword (heavily wounded, 64% to hit)
You shoot an arrow. The arrow hits the orc priest.
The orc priest is severely wounded.
The orc priest hits you with a +0 short sword.
* * * LOW HITPOINT WARNING * * *
Fire: a) +0 shortbow
Press: ? - help, Q - select action, (/) - cycle Shift-Dir - straight line, f/p - orc priest
Aim: an orc priest, wielding a +0 short sword (severely wounded, 64% to hit)
You shoot an arrow.
The arrow closely misses the orc priest.
The orc priest misses you.
Fire: a) +0 shortbow
Press: ? - help, Q - select action, (/) - cycle Shift-Dir - straight line, f/p - orc priest
Aim: an orc priest, wielding a +0 short sword (severely wounded, 64% to hit)
You shoot an arrow.
The arrow hits the orc priest but does no damage.
The orc priest is severely wounded.
The orc priest hits you with a +0 short sword.
* * * LOW HITPOINT WARNING * * *
Fire: a) +0 shortbow
Press: ? - help, Q - select action, (/) - cycle Shift-Dir - straight line, f/p - orc priest
Aim: an orc priest, wielding a +0 short sword (severely wounded, 64% to hit)
You shoot an arrow.
The arrow closely misses the orc priest.
The orc priest hits you with a +0 short sword.
You die...

#...###...# #....#
##+........## ##....#
###..#..#.#######...#..
............†.#........
##...........#......†.
##...........#......<.
###.......######......o.
......#.#######.........
.##..#>@##.......†......
#.#...o.)# ###.......o
#.........).......<..)
#.####################
#. #


You could see an orc priest.

Vanquished Creatures
  Terence (D:1)
  Robin (D:2)
  3 adders (D:2)
  2 dart slugs (D:1)
  3 orcs (D:3)
  3 endoplasms
  A giant cockroach (D:1)
  20 goblins
  7 hobgoblins
  6 jackals (D:1)
  4 kobolds
  4 quokkas
  3 ball pythons
  11 bats
  3 frilled lizards
  8 rats
80 creatures vanquished.

Notes
Turn   | Place    | Note
-------+----------+-------------------------------------------
     0 | D:1      | wormed the Tengu Hunter began the quest for the Orb.
     0 | D:1      | Reached XP level 1. HP: 12/12 MP: 2/2
    49 | D:1      | Reached XP level 2. HP: 17/17 MP: 3/3
   223 | D:1      | Reached XP level 3. HP: 21/21 MP: 4/4
   257 | D:1      | Reached skill level 1 in Armour
   446 | D:2      | Reached skill level 5 in Ranged Weapons
   516 | D:2      | Noticed Terence
   518 | D:2      | Reached XP level 4. HP: 27/27 MP: 5/5
   559 | D:2      | Noticed Robin
   583 | D:1      | Killed Terence
   776 | D:2      | Killed Robin
   784 | D:2      | Gained mutation: Your magical nature lets you fly swiftly
                  | and evasively. [Tengu growth]
   784 | D:2      | Reached XP level 5. HP: 31/31 MP: 6/6
  1430 | D:3      | Slain by an orc priest

Illustrated notes

Levels and vault maps discovered:
D:1:      scummos_arrival_forest, layout_rooms
D:2:      layout_rooms, uniq_terence, uniq_robin
D:3:      layout_rooms, gup_sewer_entry_bowl, serial_bayou_pond_b,
          kennysheep_nondescript, kennysheep_boxes

Skill      XL: |  1  2  3  4  5 |
---------------+----------------+-----
Armour         | 1 |  1.9
Ranged Weapons | 5 |  5.5
Stealth        | 2 |  2.4
Dodging        | 3 |  3.0
Fighting       | |  2.7

Action                   |  1- 3 |  4- 6 || total
-------------------------+-------+-------++-------
 Fire: Shortbow          |    90 |   134 ||   224
Armor: Leather armour    |    16 |    13 ||    29
Dodge: Dodged            |    28 |    39 ||    67

Table legend: (Time is in decaauts)
 A = Elapsed time spent in this place.
 B = Non-inter-level travel time spent in this place.
 C = Inter-level travel time spent in this place.
 D = Time resting spent in this place.
 E = Time spent auto-exploring this place.
 F = Levels seen in this place.
 G = Mean time per level.
                   A        B        C        D        E       F      G
               +--------+--------+--------+--------+--------+-----+--------+
         Total |   1455 |   1392 |     63 |      0 |    964 |   3 |  485.0 |
       Dungeon |   1455 |   1392 |     63 |      0 |    964 |   3 |  485.0 |
               +--------+--------+--------+--------+--------+-----+--------+

Top non-repeatable levels by time:
     D:2: 631 daAuts
     D:1: 500 daAuts
     D:3: 323 daAuts
